 Dungeon Crawl Stone Soup version 0.32-a0-391-gce5c0aab1b (webtiles) character file.

Game seed: 4462260669569963779

1302 ytrimaz the Scholar of Death (level 8, -1/103 HPs)
             Began as a Mountain Dwarf Necromancer on Feb 19, 2024.
             Was a Follower of Kikubaaqudgha.
             Slain by an ogre
             ... wielding a +0 giant spiked club
              (9 damage)
             ... on level 5 of the Dungeon.
             The game lasted 00:09:55 (6225 turns).

ytrimaz the Scholar of Death (MDNe)                 Turns: 6225, Time: 00:09:56

Health: -1/103     AC: 24    Str: 10    XL:     8   Next: 31%
Magic:  1/11       EV:  2    Int: 19    God:    Kikubaaqudgha [*.....]
Gold:   245        SH:  0    Dex: 10    Spells: 0/11 levels left

rFire   . . .        s - +0 hand axe
rCold   . . .        (no shield)
rNeg    . . .        i - melded +1 chain mail
rPois   +            (helmet currently unavailable)
rElec   .            (cloak currently unavailable)
rCorr   .            (gloves currently unavailable)
SInv    .            p - melded +0 pair of boots
Will    .....        (no amulet)
Stlth   ++           (no ring)
HPRegen 0.37/turn    (no ring)
MPRegen 0.12/turn

%: no passive effects
@: tree-form, fugue (expiring), very slightly contaminated
A: stationary, stasis, torment immunity, boosted hp, runic magic, artefact
enchanting
a: Renounce Religion, Unearth Wretches


You were on level 5 of the Dungeon.
You worshipped Kikubaaqudgha.
Kikubaaqudgha was aware of your devotion.
You were a tree.
You visited 2 branches of the dungeon, and saw 6 of its levels.

You collected 245 gold pieces.


Innate Abilities, Weirdness & Mutations

You are a tree.
Your roots penetrate the ground, keeping you stationary.
You cannot be teleported.
You are immune to unholy pain and torment.
Your maximum health is greatly increased.
Your equipment is partially melded.
Your spellcasting is much less encumbered by armour.
You can use scrolls of enchantment on lesser artefacts.


   Skills:
 + Level 5.5 Fighting
 + Level 0.8 Axes
 + Level 6.3 Armour
 - Level 1.3 Dodging
 - Level 1.4 Stealth
 - Level 2.3 Spellcasting
 + Level 7.8 Necromancy


You couldn't memorise any spells.
You knew the following spells:

 Your Spells              Type           Power      Damage    Failure   Level
a - Fugue of the Fallen   Necr           32%        N/A       1%          3
b - Vampiric Draining     Necr           32%        2d8       1%          3
c - Animate Dead          Necr           32%        N/A       6%          4
d - Necrotise             Necr           100%       1d9       1%          1

Your spell library contained the following spells:

 Spells                   Type           Power      Damage    Failure   Level
 Kiss of Death            Conj/Necr      68%        2d10      3%          1
 Cigotuvi's Dreadful Rot  Necr/Alch/Air  24%        N/A       9%          2
 Sandblast                Erth           4%         2d4       16%         1
 Summon Small Mammal      Summ           8%         N/A       16%         1
 Curse of Agony           Necr           32%        N/A       19%         5
 Mercury Vapours          Alch/Air       4%         N/A       24%         2
 Martyr's Knell           Necr/Summ      17%        N/A       32%         4
 Call Canine Familiar     Summ           2%         N/A       43%         3
 Mephitic Cloud           Conj/Alch/Air  2%         N/A       43%         3
 Passwall                 Erth           2%         N/A       43%         3
 Sigil of Binding         Hex            2%         N/A       43%         3
 Stone Arrow              Conj/Erth      4%         3d7       43%         3
 Brom's Barrelling Bould  Conj/Erth      2%         2d3       85%         4
 Dimensional Bullseye     Hex/Tloc       1%         N/A       85%         4
 Passage of Golubria      Tloc           2%         N/A       85%         4
 Summon Blazeheart Golem  Fire/Summ      2%         N/A       85%         4
 Freezing Cloud           Conj/Ice/Air   1%         6-21      99%         5
 Silence                  Hex/Air        1%         N/A       99%         5
 Lehudib's Crystal Spear  Conj/Erth      1%         10d2      100%        8

Inventory:

Hand Weapons
 e - a +0 battleaxe
   (You took it off an orc warrior on level 5 of the Dungeon)
 h - a +3 dagger of draining
   (You took it off a kobold on level 1 of the Dungeon)
 r - a +1 dagger of flaming
   (You found it on level 5 of the Dungeon)
 s - a +0 hand axe (weapon)
   (You found it on level 1 of the Dungeon)
Missiles
 n - a throwing net
Armour
 a - a +0 robe
 i - a +1 chain mail (melded)
   (You found it on level 1 of the Dungeon)
 p - a +0 pair of boots (melded)
   (You found it on level 4 of the Dungeon)
Scrolls
 c - 2 scrolls of enchant weapon
 l - 2 scrolls of poison
 o - 3 scrolls of teleportation
 q - a scroll of brand weapon {unknown}
 t - a scroll of enchant armour
 u - a scroll of blinking {unknown}
 v - a scroll of vulnerability {unknown}
Potions
 b - a potion of heal wounds {unknown}
 d - a potion of haste
 f - a potion of enlightenment {unknown}
 g - a potion of might {unknown}
 j - 3 potions of brilliance
 k - a potion of lignification
 m - 2 potions of attraction {unknown}

Dungeon Overview and Level Annotations

Branches:
Dungeon (5/15) Zot: 23766  Temple (1/1) D:4 Zot: 5989

Altars:
Ashenzari
Cheibriados
Dithmenos
Gozag
Hepliaklqana
Kikubaaqudgha
Nemelex Xobeh
Okawaru
Ru
Sif Muna
Uskayaw
Wu Jian
Zin
The Shining One

Annotations:
D:5 1 transporter, Sobieck's ghost, novice CoBr

. ##. .. # .. # #.##. #.#
.## ....##.. ##..
.##..#.##..# # #..
.##.#..##s#O.##.#
#.###....##...♣##... #.#
..##.#..##.#.?# . #.#
#.##..#.##..#.##..#
#.###..))##....##....#
#.#..#.##..#.##..# ## #
###.#..##.#..##.#..##.#..#
.....##....##....##....# .
#(...#..##.#..##.#..##.#..#
#.....#.##..#.##..#.##..#


You could see an ogre and a scorpion.


Message History

You kill the orc!
Kikubaaqudgha accepts your kill.
Things that are here:
a +0 whip; a +0 chain mail No target in view!
No target in view!
The wailing of tortured souls fills the air!
You hear a shout!
An ogre comes into view. It is wielding a +0 giant spiked club.
The wailing of tortured souls fills the air!
The ogre shouts! 😎 HP[+1] MP[+2]
Your hp is fully restored (69).
Your mp is fully restored (11).
An ogre is nearby!
An ogre is nearby!
An ogre is nearby!
You see here 13 gold pieces.
Unknown command.
You hit the ogre but do no damage.
The ogre hits you with a +0 giant spiked club. 😕 HP[-2]
You take 2 damage, and now have 67/69 hp.
Casting: Fugue of the Fallen (dangerous; 4% risk of failure)
Confirm with . or Enter, or press ? or * to list all spells.
Aiming: Vampiric Draining (dangerous; 4% risk of failure)
Press: ? - help, Shift-Dir - straight line, f - ogre
Aim: an ogre, wielding a +0 giant spiked club You draw life force from the ogre!
You feel life coursing into your body.
The ogre hits you with a +0 giant spiked club!
Casting: Vampiric Draining (dangerous; 4% risk of failure)
Confirm with . or Enter, or press ? or * to list all spells.
You don't know that spell. 😕 HP[-12] MP[-3]
You take 12 damage, and now have 55/69 hp.
You lost 3 mp, and now have 8/11 mp.
Aiming: Necrotise (safe; 1% risk of failure)
Press: ? - help, Q - select action, (/) - cycle Shift-Dir - straight line, f/p - ogre
Aim: an ogre, wielding a +0 giant spiked club (moderately wounded, chance to affect: 83%)
The ogre writhes in agony.
The ogre hits you with a +0 giant spiked club! 😮 HP[-12] MP[-1]
You take 12 damage, and now have 43/69 hp.
You lost 1 mp, and now have 7/11 mp.
Aiming: Necrotise (safe; 1% risk of failure)
Press: ? - help, Q - select action, (/) - cycle Shift-Dir - straight line, f/p - ogre
Aim: an ogre, wielding a +0 giant spiked club (moderately wounded, chance to affect: 83%)
The ogre writhes in agony.
A scorpion comes into view. 😮 MP[-1]
You lost 1 mp, and now have 6/11 mp.
Aiming: Necrotise (safe; 1% risk of failure)
Press: ? - help, Q - select action, (/) - cycle Shift-Dir - straight line, f/p - ogre
Aim: an ogre, wielding a +0 giant spiked club (heavily wounded, chance to affect: 83%)
The ogre writhes in agony.
The wailing of tortured souls fills the air!
The ogre hits you with a +0 giant spiked club!!
* * * LOW HITPOINT WARNING * * *
😨 HP[-24] MP[-1]
You take 24 damage, and now have 19/69 hp.
MASSIVE DAMAGE!! (PAUSE)
You lost 1 mp, and now have 5/11 mp.
Casting: Necrotise (safe; 1% risk of failure)
Confirm with . or Enter, or press ? or * to list all spells.
Aiming: Vampiric Draining (dangerous; 4% risk of failure)
Press: ? - help, Shift-Dir - straight line, f/p - ogre
Aim: an ogre, wielding a +0 giant spiked club (severely wounded)
You miscast Vampiric Draining.
You are very lightly contaminated with residual magic.
Nothing appears to happen.
The ogre hits you with a +0 giant spiked club.
* * * LOW HITPOINT WARNING * * *
😱 HP[-3] MP[-3]
You take 3 damage, and now have 16/69 hp.
You lost 3 mp, and now have 2/11 mp.
You turn into a tree.
Your +0 pair of boots melds into your body.
Your +1 chain mail melds into your body.
Your roots penetrate the ground.
You are losing your grip on the fallen. 😱 HP[+8]
You now have 103 max hp (+34).
You regained 8 hp, and now have 24/103 hp.
Aiming: Necrotise (safe; 1% risk of failure)
Press: ? - help, Q - select action, (/) - cycle Shift-Dir - straight line, f/p - ogre
Aim: an ogre, wielding a +0 giant spiked club (severely wounded, chance to affect: 83%)
The ogre writhes in agony.
The scorpion stings you but does no damage.
The ogre hits you with a +0 giant spiked club!
* * * LOW HITPOINT WARNING * * *
😱 HP[-16] MP[-1]
You take 16 damage, and now have 8/103 hp.
You lost 1 mp, and now have 1/11 mp.
Aiming: Necrotise (safe; 1% risk of failure)
Press: ? - help, Q - select action, (/) - cycle Shift-Dir - straight line, f/p - ogre
Aim: an ogre, wielding a +0 giant spiked club (severely wounded, chance to affect: 83%)
The ogre writhes in agony.
The scorpion stings you but does no damage.
The ogre hits you with a +0 giant spiked club!
You die...
Kikubaaqudgha rasps: You have failed me!
Welcome... death!

Skill      XL: |  1  2  3  4  5  6  7  8 |
---------------+-------------------------+-----
Spellcasting   | 2 |  2.3
Armour         | 1 2 3 4 5 6 |  6.3
Necromancy     | 5 6 7 |  7.8
Fighting       | 2 3 4 5 |  5.5
Axes           | |  0.8
Dodging        | |  1.3
Stealth        | |  1.4

Action                     |  1- 3 |  4- 6 |  7- 9 || total
---------------------------+-------+-------+-------++-------
  Melee: Unarmed           |     4 |       |       ||     4
         Dagger            |    16 |   107 |    37 ||   160
         Hand axe          |       |       |    44 ||    44
   Cast: Necrotise         |    44 |    88 |    52 ||   184
         Vampiric Draining |       |     2 |    17 ||    19
         Fugue of the Fall |       |       |     5 ||     5
    Use: Scroll            |       |     5 |     3 ||     8
         Potion            |       |     1 |     5 ||     6
 Armour: Robe              |     7 |       |       ||     7
         Chain mail        |    24 |   167 |   173 ||   364
         Skin              |     2 |       |     4 ||     6
  Dodge: Dodged            |    15 |    51 |    47 ||   113

Levels and vault maps discovered:
D:1:      evilmike_arrival_crescent, layout_basic
D:2:      minmay_chambers_of_twos, layout_loops_ring
D:3:      layout_basic, nicolae_uskayaw_dance_hall, overflow_temple_1_default,
          mainiacjoe_overflow_surrounded_room, minmay_goblin_outpost
D:4:      layout_loops_ring, minmay_temple_entry_water_ring
D:5:      layout_rooms, grunt_ashenzari_visionary
          [grunt_ashenzari_visionary_swamp, grunt_ashenzari_visionary_spider],
          gammafunk_ghost_smash, grunt_ministairs_8, nicolae_eternal_life,
          uniq_sigmund
Temple:   hellmonk_temple_micro_hex

Notes
Turn   | Place    | Note
-------+----------+-------------------------------------------
     0 | D:1      | ytrimaz the Mountain Dwarf Necromancer began the quest for
                  | the Orb.
     0 | D:1      | Reached XP level 1. HP: 14/14 MP: 3/3
     0 | D:1      | magus.rc [v1.9.6]
   282 | D:1      | Reached skill level 2 in Spellcasting
   405 | D:1      | Reached skill level 1 in Armour
   405 | D:1      | Reached XP level 2. HP: 11/20 MP: 0/5
   743 | D:1      | Reached XP level 3. HP: 26/26 MP: 4/6
   767 | D:1      | You pick up a book of Callings and begin reading...
   767 | D:1      | You add the spells Summon Small Mammal, Call Canine
                  | Familiar and Summon Blazeheart Golem to your library.
  1190 | D:1      | Learned a level 3 spell: Vampiric Draining
  1262 | D:2      | Reached skill level 2 in Armour
  1363 | D:2      | Reached skill level 5 in Necromancy
  1478 | D:2      | Reached XP level 4. HP: 33/33 MP: 4/7
  1715 | D:2      | You pick up a book of Necromancy and begin reading...
  1982 | D:2      | You pick up a book of the Moon and begin reading...
  1982 | D:2      | You add the spells Passage of Golubria, Silence and
                  | Lehudib's Crystal Spear to your library.
  2020 | D:2      | Reached skill level 3 in Armour
  2134 | D:2      | Reached XP level 5. HP: 38/39 MP: 3/8
  2174 | D:2      | You pick up a book of Vapours and begin reading...
  2174 | D:2      | You add the spells Mercury Vapours, Mephitic Cloud and
                  | Freezing Cloud to your library.
  2214 | D:2      | Reached skill level 1 in Fighting
  2392 | D:2      | Learned a level 4 spell: Animate Dead
  2675 | D:3      | Found a glowing golden altar of the Shining One.
  2680 | D:3      | Found an iron altar of Okawaru.
  2739 | D:3      | HP: 15/61 [gnoll/+0 spear (1)]
  2742 | D:3      | Reached skill level 2 in Fighting
  2955 | D:4      | Found a staircase to the Ecumenical Temple.
  3116 | D:4      | Reached XP level 6. HP: 48/48 MP: 6/9
  3138 | D:4      | Reached skill level 6 in Necromancy
  3247 | D:4      | You pick up a book of the Hunter and begin reading...
  3247 | D:4      | You add the spells Sigil of Binding and Dimensional
                  | Bullseye to your library.
  3630 | Temple   | Entered the Ecumenical Temple
  3635 | Temple   | Became a worshipper of Kikubaaqudgha
  3841 | D:4      | Reached skill level 4 in Armour
  3944 | D:5      | Entered Level 5 of the Dungeon
  4049 | D:5      | Noticed Sobieck's ghost (novice CoBr)
  4051 | D:5      | Found a transporter.
  4067 | D:5      | Reached skill level 3 in Fighting
  4116 | D:5      | Noticed an ice beast
  4138 | D:5      | HP: 11/51 [ice beast (9)]
  4146 | D:5      | Killed an ice beast
  4147 | D:5      | Reached XP level 7. HP: 25/57 MP: 0/10
  4289 | D:5      | Noticed Sigmund
  4295 | D:5      | Reached skill level 4 in Fighting
  4295 | D:5      | Reached skill level 5 in Armour
  4307 | D:5      | Killed Sigmund
  4308 | D:5      | Reached skill level 7 in Necromancy
  4606 | D:5      | Reached XP level 8. HP: 20/67 MP: 0/11
  4777 | D:5      | Reached skill level 5 in Fighting
  4777 | D:5      | Reached skill level 6 in Armour
  5051 | D:5      | Found a broken altar of Ashenzari.
  5055 | D:5      | Saw a vision of the Swamp and the Spider Nest.
  5055 | D:5      | Noticed a bog body
  5055 | D:5      | Noticed a four-headed hydra
  5055 | D:5      | Noticed a demonic crawler
  5055 | D:5      | Noticed a moth of wrath
  5055 | D:5      | Noticed a culicivora
  5055 | D:5      | Noticed a boulder beetle
  5055 | D:5      | Noticed a boulder beetle
  5055 | D:5      | Noticed a pharaoh ant
  5055 | D:5      | Noticed an entropy weaver
  5055 | D:5      | Noticed a torpor snail
  5055 | D:5      | Noticed a culicivora
  5055 | D:5      | Noticed a jumping spider
  5056 | D:5      | Noticed a tyrant leech
  5056 | D:5      | Noticed a wolf spider
  5057 | D:5      | Noticed a five-headed hydra
  5111 | D:5      | Reached * piety under Kikubaaqudgha
  5111 | D:5      | You add the spells Kiss of Death, Cigotuvi's Dreadful Rot
                  | and Fugue of the Fallen to your library.
  5111 | D:5      | Received a gift from Kikubaaqudgha
  5116 | D:5      | Learned a level 3 spell: Fugue of the Fallen
  5437 | D:3      | Found a hide-covered altar of Uskayaw.
  5817 | D:3      | You pick up a book of Geomancy and begin reading...
  5817 | D:3      | You add the spells Sandblast, Passwall, Stone Arrow and
                  | Brom's Barrelling Boulder to your library.
  6222 | D:5      | HP: 16/69 [ogre/+0 giant spiked club (3)]
  6225 | D:5      | Slain by an ogre

Vanquished Creatures
  Sigmund (D:5)
  2 ice beasts (D:5)
  An ogre (D:5)
  An orc warrior (D:5)
  A phantom (D:4)
  A scorpion (D:5)
  3 bombardier beetles
  An orc priest (D:5)
  3 iguanas
  4 orc wizards (D:5)
  7 gnolls
  8 adders
  A shadow imp (D:5)
  2 ufetubi (D:5)
  A dart slug (D:1)
  4 ribbon worms
  8 orcs
  11 bats
  5 endoplasms
  3 giant cockroaches
  9 goblins
  6 hobgoblins
  2 jackals (D:2)
  9 kobolds
  2 quokkas
  7 ball pythons
  4 frilled lizards
  8 rats
115 creatures vanquished.

Vanquished Creatures (collateral kills)
  A dart slug (D:2)
  2 goblins (D:3)
  A hobgoblin (D:3)
  A rat (D:1)
5 creatures vanquished.

Grand Total: 120 creatures vanquished

Table legend:
 A = Non-vault XP
 B = Vault XP
 C = Vault XP percentage of total XP
 D = Non-vault monster count
 E = Vault monster count
 F = Vault count percentage of total count
                 A         B        C        D         E       F
            +---------+---------+-------+---------+---------+-------
      Total |    1544 |     317 |  17.0 |      99 |      21 |  17.5
            +---------+---------+-------+---------+---------+-------
        D:1 |      51 |       0 |   0.0 |      20 |       0 |   0.0
        D:2 |     138 |      33 |  19.3 |      22 |       8 |  26.7
        D:3 |     178 |      28 |  13.6 |      19 |      10 |  34.5
        D:4 |     208 |       0 |   0.0 |      15 |       0 |   0.0
        D:5 |     969 |     256 |  20.9 |      23 |       3 |  11.5
            +---------+---------+-------+---------+---------+-------

Skill      XL: |  1  2  3  4  5  6  7  8 |
---------------+-------------------------+-----
Spellcasting   | 2 |  2.3
Armour         | 1 2 3 4 5 6 |  6.3
Necromancy     | 5 6 7 |  7.8
Fighting       | 2 3 4 5 |  5.5
Axes           | |  0.8
Dodging        | |  1.3
Stealth        | |  1.4

Action                     |  1- 3 |  4- 6 |  7- 9 || total
---------------------------+-------+-------+-------++-------
  Melee: Unarmed           |     4 |       |       ||     4
         Dagger            |    16 |   107 |    37 ||   160
         Hand axe          |       |       |    44 ||    44
   Cast: Necrotise         |    44 |    88 |    52 ||   184
         Vampiric Draining |       |     2 |    17 ||    19
         Fugue of the Fall |       |       |     5 ||     5
    Use: Scroll            |       |     5 |     3 ||     8
         Potion            |       |     1 |     5 ||     6
 Armour: Robe              |     7 |       |       ||     7
         Chain mail        |    24 |   167 |   173 ||   364
         Skin              |     2 |       |     4 ||     6
  Dodge: Dodged            |    15 |    51 |    47 ||   113

Illustrated notes

Table legend:
 A = Kills in this place as a percentage of kills in the entire game.
 B = Kills by you in this place as a percentage of kills by you in the entire game.
 C = Kills by friends in this place as a percentage of kills by friends in the entire game.
 D = Other kills in this place as a percentage of other kills in the entire game.
 E = Experience gained in this place as a percentage of experience gained in the entire game.
 F = Experience gained in this place divided by the number of levels of this place that you have seen.
                   A       B       C       D       E      F
               +-------+-------+-------+-------+-------+----------------------
         Total | 100.0 | 100.0 | 100.0 |   N/A | 100.0 | 310.2
       Dungeon | 100.0 | 100.0 | 100.0 |   N/A | 100.0 | 372.2
               +-------+-------+-------+-------+-------+----------------------

Table legend: (Time is in decaauts)
 A = Elapsed time spent in this place.
 B = Non-inter-level travel time spent in this place.
 C = Inter-level travel time spent in this place.
 D = Time resting spent in this place.
 E = Time spent auto-exploring this place.
 F = Levels seen in this place.
 G = Mean time per level.
                   A        B        C        D        E       F      G
               +--------+--------+--------+--------+--------+-----+--------+
         Total |   6243 |   5871 |    372 |     73 |   4826 |   6 | 1040.5 |
       Dungeon |   6233 |   5865 |    368 |     73 |   4826 |   5 | 1246.6 |
        Temple |     10 |      6 |      4 |      0 |      0 |   1 |   10.0 |
               +--------+--------+--------+--------+--------+-----+--------+

Top non-repeatable levels by time:
     D:5: 1369 daAuts
     D:1: 1288 daAuts
     D:3: 1263 daAuts
     D:2: 1247 daAuts
     D:4: 1064 daAuts
  Temple: 10 daAuts
